 Dungeon Crawl Stone Soup version 0.24.0-123-gd5b16e6ec5 (webtiles) character file.

Game seed: 5702431998805067058, levelgen mode: deterministic

712763 ReteAZ the Impregnable (level 27, -2/199 HPs)
             Began as a Gnoll Gladiator on Dec 24, 2019.
             Was a High Priest of the Shining One.
             Killed by divine providence
             ... invoked by a green draconian stormcaller
              (9 damage)
             ... on level 5 of the Realm of Zot on Dec 26, 2019.
             The game lasted 05:44:23 (87345 turns).

ReteAZ the Impregnable (Gnoll Gladiator)           Turns: 87345, Time: 05:44:24

Health: -2/199     AC: 49    Str: 25    XL:     27
Magic:  0/46       EV: 27    Int: 14    God:    the Shining One [*****.]
Gold:   4898       SH: 28    Dex: 24    Spells: 64/64 levels left

rFire    + + +     SeeInvis .   s - +9 eudemon blade (holy)
rCold    + + +     Gourm    .   y - +4 large shield {AC+3}
rNeg     + + +     Faith    .   L - +10 plate armour {rF+}
rPois    +         Spirit   +   (helmet restricted)
rElec    +         Reflect  .   S - +4 dragonskin cloak
rCorr    +         Harm     .   O - +2 pair of gloves
MR       ++++.     Clarity  +   H - +2 pair of boots {Stlth+}
Stlth    ++........             B - amulet "Laobef" {Spirit rF+ rC+ Stlth-}
HPRegen  0.43/turn              w - ring of Faad {rPois rC+ rN+ MR+ Str-4}
MPRegen  0.30/turn              V - ring "Annor" {MR+ Int+2 Slay+3}

@: mighty, agile, resistant, marked, hasted, glowing, studying 2 skills, very
quick
A: distributed training, claws 1, fangs 1, hooves 1, horns 1, icy blue scales 1,
clarity, clumsy 1, deterioration 2, frail 1, mutation resistance 1, subdued
magic 1, strong nose
}: 4/15 runes: serpentine, barnacled, slimy, silver
a: Divine Shield, Cleansing Flame, Summon Divine Warrior, Renounce Religion


You were on level 5 of the Realm of Zot.
You worshipped the Shining One.
The Shining One was extremely pleased with you.
You were not hungry.

You visited 13 branches of the dungeon, and saw 59 of its levels.
You visited the Abyss 1 time.
You also visited: Sewer, Bailey, Ice Cave and Volcano.

You collected 9935 gold pieces.
You spent 5037 gold pieces at shops.

Inventory:

Hand Weapons
 s - a +9 eudemon blade of holy wrath (weapon)
Missiles
 d - 5 throwing nets (quivered)
 W - 9 curare-tipped darts
 Y - 12 boomerangs of dispersal
Armour
 e - the +2 helmet of the Cast Vote {Str+5 Dex+4}
   (You acquired it on level 6 of the Lair of Beasts)

   It affects your strength (+5).
   It affects your dexterity (+4).
 x - a +1 cloak of magic resistance
 y - a +4 large shield of protection (worn)
 H - a +2 pair of boots of stealth (worn)
 J - a scarf of repulsion
 L - a +10 plate armour of fire resistance (worn)
 O - a +2 pair of gloves (worn)
 S - the +4 dragonskin cloak (worn)
   (You took it off Tiamat on level 2 of the Realm of Zot)
Jewellery
 n - a +5 amulet of reflection
 w - the ring of Faad (left hand) {rPois rC+ rN+ MR+ Str-4}
   (You found it on level 3 of the Crypt)

   [ring of positive energy]

   It affects your strength (-4).
   It protects you from cold.
   It protects you from poison.
   It protects you from negative energy.
   It affects your resistance to hostile enchantments.
 B - the amulet "Laobef" (around neck) {Spirit rF+ rC+ Stlth-}
   (You bought it in a shop on level 1 of the Vaults)

   [amulet of guardian spirit]

   It causes incoming damage to be split between your health and magic.
   It protects you from fire.
   It protects you from cold.
   It makes you less stealthy.
 P - the ring "Bytuoz" {rN+ rCorr Int+2}
   (You took it off a spriggan defender on level 2 of the Depths)

   [ring of resist corrosion]

   It affects your intelligence (+2).
   It protects you from negative energy.
   It provides partial protection from all sources of acid and corrosion.
 V - the ring "Annor" (right hand) {MR+ Int+2 Slay+3}
   (You found it on level 1 of the Shoals)

   [ring of intelligence]

   It affects your intelligence (+2).
   It affects your accuracy and damage with ranged weapons and melee attacks
   (+3).
   It affects your resistance to hostile enchantments.
Wands
 a - a wand of digging (21)
 b - a wand of disintegration (34)
 i - a wand of acid (52)
 k - a wand of iceblast (32)
 U - a wand of scattershot (5)
Scrolls
 c - 4 scrolls of holy word
 h - 16 scrolls of identify
 j - 22 scrolls of remove curse
 p - 9 scrolls of fog
 t - 12 scrolls of amnesia
 u - 4 scrolls of summoning
 v - 23 scrolls of teleportation
 D - 6 scrolls of blinking
 F - 4 scrolls of magic mapping
 G - 4 scrolls of enchant weapon
 X - a scroll of brand weapon
 Z - 8 scrolls of fear
Potions
 m - a potion of invisibility
 q - 6 potions of haste
 z - 9 potions of curing
 A - 15 potions of flight
 C - 5 potions of berserk rage
 E - 11 potions of brilliance
 I - 3 potions of might
 K - a potion of cancellation
 M - 2 potions of ambrosia
 R - 3 potions of magic
 T - a potion of agility
Books
 g - a manual of Fire Magic
 r - a manual of Armour
Comestibles
 f - 82 rations


   Skills:
 + Level 19.4 Fighting
 + Level 19.0 Short Blades
 + Level 19.0 Long Blades
 + Level 19.0 Axes
 + Level 19.0 Maces & Flails
 + Level 19.0 Polearms
 + Level 19.7 Staves
 + Level 19.0 Slings
 + Level 19.0 Bows
 + Level 19.0 Crossbows
 + Level 19.4 Throwing
 + Level 22.8 Armour
 + Level 19.7 Dodging
 + Level 19.0 Stealth
 + Level 19.0 Shields
 + Level 19.0 Unarmed Combat
 + Level 19.0 Spellcasting
 + Level 16.4 Conjurations
 + Level 16.4 Hexes
 + Level 16.4 Charms
 + Level 16.4 Summonings
 + Level 16.4 Necromancy
 + Level 16.4 Translocations
 + Level 16.4 Transmutations
 + Level 20.1 Fire Magic
 + Level 16.4 Ice Magic
 + Level 16.4 Air Magic
 + Level 16.4 Earth Magic
 + Level 16.4 Poison Magic
 + Level 20.4 Invocations
 + Level 19.0 Evocations


You had 64 spell levels left.
You didn't know any spells.
Your spell library contained the following spells:

 Spells                   Type           Power        Failure   Level  Hunger
 Throw Flame              Conj/Fire      #####.       0%          2    None
 Animate Skeleton         Necr           N/A          1%          1    None
 Apportation              Tloc           #####.       1%          1    None
 Confusing Touch          Hex            #####.       1%          1    None
 Corona                   Hex            #####..      1%          1    None
 Freeze                   Ice            ####         1%          1    None
 Infusion                 Chrm           ####         1%          1    None
 Magic Dart               Conj           ####         1%          1    None
 Shock                    Conj/Air       ####         1%          1    None
 Summon Butterflies       Summ           #####...     1%          1    None
 Summon Small Mammal      Summ           ####         1%          1    None
 Blink                    Tloc           N/A          1%          2    None
 Call Imp                 Summ           #####...     1%          2    None
 Ensorcelled Hibernation  Hex/Ice        #####.       1%          2    None
 Passwall                 Tmut/Erth      #####...     1%          2    None
 Poisonous Vapours        Pois/Air       #####.       1%          2    None
 Searing Ray              Conj           #####.       1%          2    None
 Shroud of Golubria       Chrm/Tloc      #####.       1%          2    None
 Slow                     Hex            #####...     1%          2    None
 Song of Slaying          Chrm           #####...     1%          2    None
 Sublimation of Blood     Necr           #####.....   1%          2    None
 Swiftness                Chrm/Air       #####...     1%          2    None
 Throw Frost              Conj/Ice       #####.       1%          2    None
 Call Canine Familiar     Summ           #####...     1%          3    None
 Confuse                  Hex            #####...     1%          3    None
 Conjure Flame            Conj/Fire      #####...     1%          3    None
 Dazzling Spray           Conj/Hex       #####.       1%          3    None
 Gell's Gravitas          Tloc           #####.....   1%          3    None
 Ignite Poison            Fire/Tmut/Pois #####...     1%          3    None
 Inner Flame              Hex/Fire       #####...     1%          3    None
 Lesser Beckoning         Tloc           #####.....   1%          3    None
 Mephitic Cloud           Conj/Pois/Air  #####...     1%          3    None
 Ozocubu's Armour         Chrm/Ice       #####...     1%          3    None
 Portal Projectile        Hex/Tloc       #####.       1%          3    None
 Recall                   Summ/Tloc      N/A          1%          3    None
 Regeneration             Chrm/Necr      #####.....   1%          3    None
 Spectral Weapon          Hex/Chrm       #####...     1%          3    None
 Static Discharge         Conj/Air       #####...     1%          3    None
 Stone Arrow              Conj/Erth      #####.       1%          3    None
 Summon Guardian Golem    Hex/Summ       #####...     1%          3    None
 Teleport Other           Tloc           #####...     1%          3    None
 Tukima's Dance           Hex            #####...     1%          3    None
 Vampiric Draining        Necr           #####.....   1%          3    None
 Airstrike                Air            #####.....   1%          4    None
 Cause Fear               Hex            #####.....   1%          4    None
 Force Lance              Conj/Tloc      #####...     1%          4    None
 Fulminant Prism          Conj/Hex       #####.....   1%          4    None
 Ice Form                 Ice/Tmut       #####...     1%          4    None
 Iskenderun's Mystic Bla  Conj           #####...     1%          4    None
 Leda's Liquefaction      Hex/Erth       #####.....   1%          4    None
 Passage of Golubria      Tloc           N/A          1%          4    None
 Petrify                  Tmut/Erth      #####...     1%          4    None
 Sticky Flame             Conj/Fire      #####...     1%          4    None
 Summon Ice Beast         Ice/Summ       #####...     1%          4    None
 Summon Lightning Spire   Summ/Air       #####...     1%          4    None
 Throw Icicle             Conj/Ice       #####...     1%          4    None
 Agony                    Necr           #####...     1%          5    ####...
 Alistair's Intoxication  Tmut/Pois      #####...     1%          5    ####...
 Aura of Abjuration       Summ           #####.....   1%          5    ####...
 Bolt of Magma            Conj/Fire/Erth #####.....   1%          5    ####...
 Irradiate                Conj/Tmut      #####.....   1%          5    ####...
 Lightning Bolt           Conj/Air       #####.....   1%          5    ####...
 Metabolic Englaciation   Hex/Ice        #####.....   1%          5    ####...
 Silence                  Hex/Air        #####.....   1%          5    ####...
 Summon Demon             Summ           #####.....   1%          5    ####...
 Summon Forest            Summ/Tloc      #####.....   1%          5    ####...
 Summon Mana Viper        Hex/Summ       #####...     1%          5    ####...
 Venom Bolt               Conj/Pois      #####.....   1%          5    ####...
 Yara's Violent Unravell  Hex/Tmut       #####.....   1%          5    ####...
 Bolt of Cold             Conj/Ice       #####.....   5%          6    #####..
 Conjure Ball Lightning   Conj/Air       #####.....   5%          6    #####..
 Darkness                 Hex            #####.....   5%          6    #####..
 Deflect Missiles         Chrm/Air       #####.....   5%          6    #####..
 Freezing Cloud           Conj/Ice/Air   #####.....   5%          6    #####..
 Hydra Form               Tmut           #####.....   5%          6    #####..
 Invisibility             Hex            #####...     5%          6    #####..
 Iron Shot                Conj/Erth      #####.....   5%          6    #####..
 Ozocubu's Refrigeration  Ice            #####.....   5%          6    #####..
 Poison Arrow             Conj/Pois      #####.....   5%          6    #####..
 Shadow Creatures         Summ           N/A          5%          6    #####..
 Simulacrum               Ice/Necr       #####.....   5%          6    #####..
 Statue Form              Tmut/Erth      #####....    5%          6    #####..
 Ring of Flames           Chrm/Fire      #####.....   16%         7    #######
 Dragon Form              Tmut           #####.....   32%         7    #######
 Summon Hydra             Summ           #####.....   32%         7    #######
 Ignition                 Fire           ######....   50%         8    #######
 Chain Lightning          Conj/Air       #####.....   95%         8    #######
 Lehudib's Crystal Spear  Conj/Erth      #####.....   95%         8    #######
 Fire Storm               Conj/Fire      #####.....   100%        9    #######
 Glaciate                 Conj/Ice       #####.....   100%        9    #######
 Shatter                  Erth           #####.....   100%        9    #######
 Tornado                  Air            #####.....   100%        9    #######


Dungeon Overview and Level Annotations

Branches:
Dungeon (15/15)            Temple (1/1) D:6            Lair (6/6) D:11
 Shoals (4/4) Lair:3        Snake (4/4) Lair:2        Slime (5/5) Lair:6
    Orc (2/2) D:11            Elf (3/3) Orc:2        Vaults (5/5) D:14
  Crypt (3/3) Vaults:2       Tomb (1/3) Crypt:3      Depths (5/5) D:15
    Zot (5/5) Depths:5      Sewer (visited)          Bailey (visited)
  IceCv (visited)         Volcano (visited)

Altars:
Cheibriados
Dithmenos
Fedhas
Gozag
Hepliaklqana
Kikubaaqudgha
Makhleb
Nemelex Xobeh
Okawaru
Qazlal
Sif Muna
Trog
Uskayaw
Wu Jian
Xom
Yredelemnul
Zin
The Shining One
Beogh
Jiyva

Shops:
Orc:1 ?   Orc:2 ?[[?=   Elf:1 }?   Elf:3 (?}   Shoals:1 *   Snake:1 *
Vaults:1 =   Vaults:4 =   Depths:4 *   Depths:5 *(([?

Portals:
Hell: Depths:1 Depths:2 Depths:3 Depths:4 Depths:5
Abyss: Depths:1 Depths:2 Depths:3 Depths:4 Depths:5
Pandemonium: Depths:1 Depths:2 Depths:3
Ziggurat: Depths:4

Annotations:
D:2 Terence
Depths:3 2 transporters, exclusion: orange crystal statue
Zot:1 3 runed translucent doors, ShutUppercut's ghost, legendary DsGl


Innate Abilities, Weirdness & Mutations

Your experience applies equally to all skills.
You have very sharp teeth.
Your uncanny sense of smell can sniff out nearby items.
You have sharp fingernails.
You have large cloven feet.
You have a pair of small horns on your head.
You are partially covered in icy blue scales. (AC +2)
You possess an exceptional clarity of mind.
You are clumsy. (Dex -2)
Your body often deteriorates upon taking damage.
You are frail. (-10% HP)
You are somewhat resistant to further mutation.
Your spells are a little easier to cast, but a little less powerful.


Message History

You kill the death drake!
The death drake's corpse disappears in a puff of smoke!
The electric golem blinks!
You block the Orb Guardian's attack.
You slice the Orb Guardian!! You headbutt the Orb Guardian!
The Orb Guardian is heavily wounded.
An Orb Guardian comes into view.
You block the green draconian's attack.
The green draconian stormcaller invokes the aid of Qazlal against you.
Qazlal smites you!
* * * LOW HITPOINT WARNING * * *
You feel better. The Orb Guardian closely misses you.
The Orb Guardian hits you but does no damage.
You feel better. The Orb Guardian completely misses you.
You riposte.
You slice the Orb Guardian!! You headbutt the Orb Guardian!
You kill the Orb Guardian!
The Orb Guardian hits you!!
* * * LOW HITPOINT WARNING * * *
The green draconian stormcaller mumbles some strange prayers to Qazlal against you.
Qazlal smites you!
You die...

,,,,,,,,.........# *▓▓****** *,,,
,,,,,,,..........▓*▓.,,,,,,***,,,
,,,,,,...........▓▓X,,,,,,,,**,,,
,,,,,,........§..▓.,∆,,,,,,,,*,,,
,,,,,,..........XD,,,,,∆,,,,,,,,,
,,,,,,....X..8pXX▓,,,,,,,,,,,*,,,
,,,,,,.......dqp*▓*,,,,,,,,,**,,,
,,,,,,.......dd*.▓**,,,,,,,***,,,
,,,,,,.......dXX@▓ ********* *,,,
,,,,,,........d*▓▓ **,,
,,,,,,........▓▓▓ ***
,,,,,,.....▓▓▓▓ * ******▓▓▓▓**


You could see 3 orbs of fire, 2 Killer Klowns, an electric golem, a golden
dragon, a yellow draconian, a green draconian, a purple draconian, a red
draconian, a white draconian, a green draconian stormcaller and 6 Orb Guardians.

Vanquished Creatures
  the Royal Jelly (Slime:5)
  Tiamat (Zot:2)
  Khufu (Crypt:1)
  3 orbs of fire
  2 ancient liches
  A juggernaut (Depths:5)
  Mara (Vaults:5)
  Mennas (Depths:4)
  Sojobo (Crypt:1)
  4 greater mummies
  A Killer Klown (Zot:4)
  Vashnia (Snake:3)
  Margery (Depths:4)
  A curse toe (Zot:2)
  3 caustic shrikes (Depths:4)
  7 golden dragons
  An electric golem (Zot:5)
  Jorgrun (Snake:3)
  25 tentacled monstrosities
  4 liches
  5 Orb Guardians (Zot:5)
  22 titans
  9 sphinxes
  5 deep elf blademasters
  2 quicksilver dragons
  34 acid blobs
  9 deep elf master archers
  5 death cobs
  An ancient champion (Crypt:2)
  3 tentacled starspawn (Abyss:1)
  2 krakens
  Frances (D:14)
  13 shadow dragons
  11 tengu reavers
  The ghost of FishyPogo the Fighter, an adept DrBe of Trog (Orc:2)
  A revenant (Crypt:3)
  22 azure jellies
  Donald (Shoals:3)
  21 frost giants
  Gastronok (Lair:2)
  Roxanne (D:14)
  20 fire giants
  9 nagarajas
  12 draconian monks
  4 draconian knights
  15 storm dragons
  4 iron dragons
  Louise (Depths:4)
  13 vault wardens
  3 curse skulls (Crypt:2)
  Aizul (Snake:3)
  6 deep elf sorcerers
  2 draconian stormcallers
  3 ghost moths
  10 draconian scorchers
  5 deep elf elementalists
  10 ghouls
  A spriggan defender (Depths:2)
  An orc warlord (Vaults:5)
  9 draconian shifters
  2 reapers (Crypt:3)
  7 draconian annihilators
  An entropy weaver (Vaults:5)
  13 very ugly things
  16 ironheart preservers
  24 stone giants
  8 deep elf annihilators
  13 green draconians
  10 vampire knights
  16 black draconians
  6 deep elf demonologists
  2 bennus (Tomb:1)
  Azrael (D:14)
  13 white draconians
  9 purple draconians
  17 yellow draconians
  11 red draconians
  7 mummy priests
  2 merfolk javelineers (Shoals:4)
  10 ettins
  13 deep elf death magi
  A quicksilver dragon zombie (Crypt:3)
  13 eidola
  12 fire dragons
  7 merfolk impalers
  Josephine (D:10)
  4 jiangshi
  13 yaktaur captains
  22 ogre magi
  5 deep elf high priests
  6 great orbs of eyes
  A quicksilver dragon skeleton (Crypt:1)
  4 rakshasas
  11 ice dragons
  13 death oozes
  14 naga warriors
  Erolcha (D:11)
  3 catoblepae
  33 vault guards
  9 hydras
  6 spriggan air magi
  8 anacondas
  A hell beast (Depths:1)
  2 alligator snapping turtles (Shoals:4)
  8 merfolk avatars
  4 merfolk aquamancers
  10 centaur warriors
  26 dancing weapons
  57 two-headed ogres
  11 death scarabs (Tomb:1)
  3 death yaks
  5 deep troll shamans
  The ghost of Thomus the Thaumaturge, a journeyman DECj of Vehumet (Orc:2)
  9 death knights
  9 tengu warriors
  4 thrashing horrors (Abyss:1)
  6 deep troll earth magi
  8 shock serpents
  7 vampire magi
  21 naga sharpshooters
  Sonja (Lair:2)
  3 orc high priests
  Urug (D:10)
  A titan zombie (Crypt:2)
  A wretched star (Abyss:1)
  16 hell knights
  5 spriggan berserkers
  Nergalle (Lair:2)
  28 deep elf knights
  7 soul eaters
  3 salamander mystics
  2 shadow wraiths
  2 spatial maelstroms (Abyss:1)
  A storm dragon skeleton (Crypt:3)
  2 iron trolls
  25 sea snakes
  4 naga ritualists
  A shadow demon (Depths:1)
  3 wizards
  26 deep elf archers
  6 glowing orange brains
  26 skeletal warriors
  4 flayed ghosts
  An anaconda skeleton (Crypt:1)
  A ghost moth zombie (Crypt:3)
  2 unseen horrors
  28 deep trolls
  18 phantasmal warriors
  A lindwurm (Lair:6)
  A shadow dragon zombie (Crypt:3)
  15 ironbrand convokers
  2 wolf spider zombies (Crypt:3)
  19 necromancers
  26 harpies
  An iron giant skeleton (Crypt:2)
  9 orc knights
  33 ugly things
  63 deep elf magi
  5 wolf spiders
  6 mana vipers
  2 frost giant zombies (Crypt:3)
  3 orc sorcerers
  2 moths of wrath (shapeshifter)
  19 manticores
  An orb spider (shapeshifter) (Vaults:3)
  A fire giant zombie (Crypt:3)
  An iron dragon zombie (Crypt:3)
  An iron dragon skeleton (Crypt:3)
  2 stone giant zombies (Crypt:3)
  3 centaur zombies
  15 salamanders
  4 starcursed masses (Abyss:1)
  10 elephants
  6 cyclopes
  A fire giant skeleton (Crypt:3)
  9 shining eyes
  9 fauns
  A dire elephant zombie (Crypt:3)
  Maurice (Orc:1)
  21 moths of wrath
  A frost giant skeleton (Crypt:3)
  20 naga magi
  13 vault sentinels
  2 gargoyles
  2 ice statues (IceCv)
  12 merfolk sirens
  9 guardian serpents
  8 molten gargoyles
  10 water nymphs
  36 black mambas
  2 centaur skeletons
  5 eyes of devastation
  A dire elephant skeleton (Crypt:3)
  A torpor snail (shapeshifter) (Depths:1)
  A spiny frog (shapeshifter) (Elf:1)
  8 spiny frogs
  3 torpor snails
  An efreet (Abyss:1)
  31 yaktaurs
  A minotaur skeleton (Crypt:3)
  5 kobold demonologists
  4 tengu conjurers
  3 rime drakes
  A hydra zombie (Crypt:3)
  13 hellwings (Crypt:3)
  18 freezing wraiths
  8 komodo dragons
  7 guardian mummies
  An ancient zyme (Abyss:1)
  A harpy zombie (Crypt:3)
  22 merfolk
  3 polar bears
  A wind drake (shapeshifter) (Vaults:5)
  4 hornets
  A hornet (shapeshifter) (Vaults:4)
  A meliai (D:14)
  A queen bee (Lair:2)
  2 queen bees (shapeshifter)
  6 trolls
  Prince Ribbit (Lair:1)
  A jumping spider (Vaults:5)
  A wind drake (Shoals:1)
  A troll (shapeshifter) (D:14)
  A death drake zombie (Crypt:1)
  A hydra skeleton (Crypt:1)
  8 snapping turtles
  2 bog bodies (Crypt:1)
  An ettin zombie (Tomb:1)
  A raiju (Abyss:1)
  153 slime creatures
  A meliai zombie (D:10)
  An alligator zombie (Crypt:2)
  12 blink frogs
  A snapping turtle (shapeshifter) (Depths:1)
  4 dream sheep (Lair:6)
  A hippogriff (shapeshifter) (Vaults:2)
  19 hippogriffs
  An ettin skeleton (Crypt:3)
  7 flying skulls
  2 air elementals
  A spriggan (shapeshifter) (Vaults:3)
  3 shadows
  11 wyverns
  2 redbacks (Vaults:5)
  15 water elementals
  6 ushabtiu
  4 fire bats (Volcano)
  A vampire (D:14)
  10 large abominations
  An alligator skeleton (Crypt:3)
  19 wraiths
  72 yaks
  A tarantella (shapeshifter) (Elf:2)
  A yak (shapeshifter) (Vaults:1)
  2 basilisks (shapeshifter)
  A golden eye (shapeshifter) (Vaults:2)
  5 fire elementals
  3 hogs (Shoals:1)
  A chaos spawn (Abyss:1)
  3 golden eyes (Slime:1)
  3 hungry ghosts
  6 basilisks
  Menkaure (D:7)
  6 steam dragons
  8 wargs
  2 spatial vortices (Abyss:1)
  A merfolk zombie (Crypt:2)
  A monstrous demonspawn zombie (Crypt:2)
  3 soldier ants
  4 acid dragons
  66 nagas
  19 water moccasins
  A floating eye (Depths:4)
  9 porcupines
  A faun skeleton (Crypt:2)
  8 hell hounds
  A spiny frog skeleton (Crypt:3)
  2 hornet zombies (D:15)
  29 orc warriors
  5 sky beasts
  A sky beast (shapeshifter) (Vaults:3)
  A black bear (Lair:5)
  An ettin simulacrum (Vaults:2)
  8 eyes of draining
  18 ice beasts
  2 phantoms
  72 ogres
  A manticore zombie (Crypt:3)
  A blink frog zombie (Crypt:1)
  A necrophage (Crypt:1)
  2 wolves (D:12)
  A boggart (shapeshifter) (Vaults:3)
  A snapping turtle zombie (Crypt:1)
  6 boggarts
  6 centaurs
  19 crocodiles
  An octopode zombie (Crypt:1)
  A big kobold (D:12)
  10 bullfrogs
  A komodo dragon zombie (Crypt:2)
  6 elf zombies (Elf:1)
  A draconian skeleton (Crypt:1)
  2 glowing shapeshifter simulacra
  6 small abominations (Abyss:1)
  An earth elemental (Elf:2)
  8 wyvern skeletons
  A wyvern zombie (D:13)
  3 scorpions
  A spriggan zombie (Crypt:1)
  34 killer bees
  12 wights
  A spriggan skeleton (Crypt:3)
  A howler monkey (D:13)
  7 electric eels
  2 quasits
  6 crimson imps
  A wyvern simulacrum (D:12)
  5 lava snakes (Lair:6)
  2 gnoll shamans
  6 hounds
  9 jellies
  13 orc priests
  25 orc wizards
  A bullfrog skeleton (D:5)
  2 iguanas (D:10)
  16 worker ants
  A hell rat (Lair:2)
  A worker ant (shapeshifter) (Depths:1)
  A porcupine skeleton (Crypt:2)
  A crocodile zombie (Crypt:2)
  A bullfrog simulacrum (D:12)
  A centaur simulacrum (D:12)
  2 hound skeletons (D:10)
  A tengu skeleton (Crypt:2)
  22 mummies
  Robin (D:2)
  A howler monkey zombie (D:5)
  4 worker ant zombies
  17 gnolls
  A howler monkey skeleton (D:10)
  13 adders
  A river rat (Lair:2)
  4 shadow imps
  15 white imps
  4 ufetubi
  10 oozes
  4 adder skeletons
  A worm (D:2)
  A dart slug (D:1)
  5 leopard geckos
  93 orcs
  A bat zombie (Crypt:1)
  10 giant cockroaches
  21 goblins
  18 hobgoblins
  23 jackals
  12 kobolds
  6 quokkas
  A ball python (Sewer)
  A ball python skeleton (D:4)
  14 bats
  7 frilled lizards
  7 rats
  A crawling corpse (Elf:3)
  A fungus (Lair:2)
  7 plants
  4 tentacles
2945 creatures vanquished.

Vanquished Creatures (collateral kills)
  An orb of fire (Zot:5)
  A Killer Klown (Zot:5)
  A tentacled monstrosity (Zot:3)
  3 Orb Guardians (Zot:5)
  An acid blob (Slime:5)
  A quicksilver dragon (Zot:2)
  A shadow dragon (Zot:4)
  A ghost moth (Zot:3)
  An azure jelly (Slime:5)
  2 draconian shifters (Zot:2)
  2 draconian stormcallers (Zot:2)
  A green draconian (Zot:3)
  A black draconian (Zot:2)
  A white draconian (Zot:2)
  2 yellow draconians (Zot:3)
  A death ooze (Slime:5)
  A skeletal warrior (Tomb:1)
22 creatures vanquished.

Vanquished Creatures (others)
  Kirke (Shoals:1)
  A shadow dragon (shapeshifter) (Depths:4)
  A fire giant (Depths:2)
  A stone giant (Slime:4)
  A green draconian (Zot:2)
  A deep elf death mage (Slime:5)
  A two-headed ogre (Vaults:2)
  2 satyrs
  4 deep elf knights
  A deep troll (Depths:5)
  A deep elf archer (Slime:5)
  A necromancer (Crypt:1)
  A faun (Shoals:2)
  A vault sentinel (Vaults:1)
  6 yaktaurs
  A guardian mummy (Tomb:1)
  2 merfolk
  A tengu conjurer (D:15)
  A wyvern (Volcano)
  2 water elementals
  2 humans (Shoals:1)
  A boggart (Vaults:2)
  2 ogres
  2 centaurs
  An orc wizard (D:10)
  An adder (D:9)
  A ball lightning (Zot:5)
  An orc (Vaults:5)
  A jackal (D:10)
  4 fungi
  53 plants
  4 starspawn tentacles (Abyss:1)
  16 tentacles
  8 withered plants (Crypt:3)
128 creatures vanquished.

Grand Total: 3095 creatures vanquished

Notes
Turn   | Place    | Note
-------+----------+-------------------------------------------
     0 | D:1      | ReteAZ the Gnoll Gladiator began the quest for the Orb.
     0 | D:1      | Reached XP level 1. HP: 20/20 MP: 1/1
    26 | D:1      | Reached XP level 2. HP: 20/26 MP: 2/2
   395 | D:1      | Reached XP level 3. HP: 31/31 MP: 3/3
   688 | D:1      | Reached skill level 1 in Invocations
   925 | D:2      | Noticed Robin
   943 | D:2      | Reached skill level 1 in Short Blades
   943 | D:2      | Reached skill level 1 in Long Blades
   943 | D:2      | Reached skill level 1 in Axes
   943 | D:2      | Reached skill level 1 in Maces & Flails
   943 | D:2      | Reached skill level 1 in Polearms
   943 | D:2      | Reached skill level 1 in Slings
   943 | D:2      | Reached skill level 1 in Bows
   943 | D:2      | Reached skill level 1 in Crossbows
   943 | D:2      | Reached skill level 1 in Armour
   943 | D:2      | Reached skill level 1 in Stealth
   943 | D:2      | Reached skill level 1 in Shields
   943 | D:2      | Reached skill level 1 in Unarmed Combat
   943 | D:2      | Reached skill level 1 in Spellcasting
   943 | D:2      | Reached skill level 1 in Evocations
   958 | D:2      | Reached XP level 4. HP: 14/38 MP: 5/5
   963 | D:2      | Gained mutation: You possess an exceptional clarity of
                  | mind. [potion of mutation]
   963 | D:2      | Gained mutation: You are robust. (+10% HP) [potion of
                  | mutation]
   984 | D:2      | Killed Robin
  1284 | D:2      | Found a shadowy altar of Dithmenos.
  1378 | D:2      | Reached skill level 1 in Conjurations
  1378 | D:2      | Reached skill level 1 in Hexes
  1378 | D:2      | Reached skill level 1 in Charms
  1378 | D:2      | Reached skill level 1 in Summonings
  1378 | D:2      | Reached skill level 1 in Necromancy
  1378 | D:2      | Reached skill level 1 in Translocations
  1378 | D:2      | Reached skill level 1 in Transmutations
  1378 | D:2      | Reached skill level 1 in Fire Magic
  1378 | D:2      | Reached skill level 1 in Ice Magic
  1378 | D:2      | Reached skill level 1 in Air Magic
  1378 | D:2      | Reached skill level 1 in Earth Magic
  1378 | D:2      | Reached skill level 1 in Poison Magic
  1392 | D:2      | Noticed Terence
  2111 | D:3      | Reached XP level 5. HP: 47/47 MP: 6/6
  2884 | D:4      | Found a burning altar of Makhleb.
  3293 | D:4      | Noticed a phantom
  3366 | D:4      | Found the +9 staff of Wucad Mu {channel}
  3425 | D:4      | Noticed an ogre
  3444 | D:4      | Reached XP level 6. HP: 35/55 MP: 8/8
  3801 | D:4      | Reached skill level 5 in Fighting
  3801 | D:4      | Reached skill level 5 in Throwing
  3801 | D:4      | Reached skill level 2 in Armour
  4025 | D:4      | Killed a phantom
  4025 | D:4      | Reached XP level 7. HP: 40/61 MP: 10/10
  4266 | D:5      | Entered Level 5 of the Dungeon
  5239 | D:6      | Reached XP level 8. HP: 55/69 MP: 12/12
  5299 | D:6      | Found a glowing drain.
  5324 | Sewer    | Entered a sewer
  5836 | D:6      | Found a staircase to the Ecumenical Temple.
  5885 | Temple   | Entered the Ecumenical Temple
  5939 | Temple   | Became a worshipper of Warmaster Okawaru
  6029 | D:7      | Reached skill level 3 in Armour
  6091 | D:7      | Noticed Menkaure
  6099 | D:7      | Killed Menkaure
  6268 | D:8      | Reached * piety under Okawaru
  6310 | D:8      | Found a shimmering blue altar of Sif Muna.
  6459 | D:8      | Found a stormy altar of Qazlal.
  6550 | D:8      | Reached XP level 9. HP: 75/75 MP: 14/14
  6626 | D:8      | Found a basalt altar of Yredelemnul.
  6630 | D:8      | Found an ornate altar of the Wu Jian Council.
  6630 | D:8      | Found a snail-covered altar of Cheibriados.
  6849 | D:9      | Found a shimmering altar of Xom.
  6856 | D:9      | Found a shimmering altar of Xom.
  6856 | D:9      | Found a shimmering altar of Xom.
  6858 | D:9      | Found a shimmering altar of Xom.
  6863 | D:9      | Reached ** piety under Okawaru
  6863 | D:9      | Reached skill level 4 in Armour
  6873 | D:9      | Found a shimmering altar of Xom.
  6873 | D:9      | Found a shimmering altar of Xom.
  6876 | D:9      | Found a shimmering altar of Xom.
  6901 | D:9      | Noticed a molten gargoyle
  6901 | D:9      | Noticed a molten gargoyle
  7461 | D:8      | Found a shimmering blue altar of Sif Muna.
  7626 | D:8      | You fall into a shaft and drop 1 floor!
  7758 | D:9      | Reached skill level 5 in Invocations
  7776 | D:9      | Reached *** piety under Okawaru
  7782 | D:9      | Reached XP level 10. HP: 34/84 MP: 17/17
  8006 | D:9      | Noticed a molten gargoyle
  8006 | D:9      | Noticed a molten gargoyle
  8054 | D:10     | Entered Level 10 of the Dungeon
  8148 | D:10     | Reached skill level 5 in Short Blades
  8148 | D:10     | Reached skill level 5 in Long Blades
  8148 | D:10     | Reached skill level 5 in Axes
  8148 | D:10     | Reached skill level 5 in Maces & Flails
  8148 | D:10     | Reached skill level 5 in Polearms
  8148 | D:10     | Reached skill level 5 in Slings
  8148 | D:10     | Reached skill level 5 in Bows
  8148 | D:10     | Reached skill level 5 in Crossbows
  8148 | D:10     | Reached skill level 5 in Armour
  8148 | D:10     | Reached skill level 5 in Stealth
  8148 | D:10     | Reached skill level 5 in Shields
  8148 | D:10     | Reached skill level 5 in Unarmed Combat
  8148 | D:10     | Reached skill level 5 in Spellcasting
  8148 | D:10     | Reached skill level 5 in Evocations
  8231 | D:10     | Received a gift from Okawaru
  8537 | D:10     | Noticed Josephine
  8561 | D:10     | Killed Josephine
  8561 | D:10     | Reached **** piety under Okawaru
  8561 | D:10     | Received a gift from Okawaru
  8636 | D:10     | Received a gift from Okawaru
  8890 | D:10     | Reached XP level 11. HP: 92/92 MP: 19/19
  8954 | D:10     | Noticed Urug
  8979 | D:10     | Killed Urug
  9132 | D:10     | Reached ***** piety under Okawaru
  9415 | D:11     | Reached skill level 6 in Armour
  9446 | D:11     | Found a staircase to the Orcish Mines.
  9508 | D:11     | Reached skill level 5 in Conjurations
  9508 | D:11     | Reached skill level 5 in Hexes
  9508 | D:11     | Reached skill level 5 in Charms
  9508 | D:11     | Reached skill level 5 in Summonings
  9508 | D:11     | Reached skill level 5 in Necromancy
  9508 | D:11     | Reached skill level 5 in Translocations
  9508 | D:11     | Reached skill level 5 in Transmutations
  9508 | D:11     | Reached skill level 5 in Fire Magic
  9508 | D:11     | Reached skill level 5 in Ice Magic
  9508 | D:11     | Reached skill level 5 in Air Magic
  9508 | D:11     | Reached skill level 5 in Earth Magic
  9508 | D:11     | Reached skill level 5 in Poison Magic
  9736 | D:11     | Received a gift from Okawaru
  9936 | D:11     | Noticed a red ugly thing
  9952 | D:11     | Killed a red ugly thing
  9952 | D:11     | Received a gift from Okawaru
 10115 | D:11     | Noticed a two-headed ogre
 10123 | D:11     | Killed a two-headed ogre
 10200 | D:11     | Found a staircase to the Lair.
 10202 | D:11     | Noticed Erolcha
 10210 | D:11     | Killed Erolcha
 10210 | D:11     | Received a gift from Okawaru
 10346 | Lair:1   | Entered Level 1 of the Lair of Beasts
 10703 | Lair:1   | Noticed Prince Ribbit
 10704 | Lair:1   | You fall into a shaft and drop 1 floor!
 10754 | Lair:2   | Reached XP level 12. HP: 74/102 MP: 14/22
 10765 | Lair:2   | Received a gift from Okawaru
 10785 | Lair:2   | Noticed a six-headed hydra
 10793 | Lair:2   | Killed a six-headed hydra
 10793 | Lair:2   | Received a gift from Okawaru
 10819 | Lair:2   | Found a staircase to the Snake Pit.
 10851 | Lair:2   | Reached skill level 7 in Armour
 10984 | Lair:2   | Found a dark tunnel.
 10993 | Volcano  | Entered a volcano
 11188 | Volcano  | Noticed a two-headed ogre
 11200 | Volcano  | Killed a two-headed ogre
 11200 | Volcano  | Received a gift from Okawaru
 11278 | Volcano  | Got a dazzling ring mail {god gift}
 11289 | Volcano  | Identified the +2 ring mail of the Elven Halls {Stlth+}
                  | (Okawaru gifted it to you in a volcano)
 11470 | Volcano  | Noticed a two-headed ogre
 11488 | Volcano  | Killed a two-headed ogre
 11501 | Volcano  | Noticed a fire dragon
 11528 | Volcano  | Killed a fire dragon
 11528 | Volcano  | Reached skill level 10 in Staves
 11528 | Volcano  | Reached skill level 10 in Dodging
 11755 | Lair:2   | Noticed Sonja
 11773 | Lair:2   | Killed Sonja
 12050 | Lair:2   | Noticed Nergalle
 12065 | Lair:2   | Killed Nergalle
 12065 | Lair:2   | Reached XP level 13. HP: 109/111 MP: 22/24
 12093 | Lair:2   | Noticed Gastronok
 12109 | Lair:2   | Killed Gastronok
 12310 | Lair:2   | Reached ****** piety under Okawaru
 12310 | Lair:2   | Reached skill level 8 in Armour
 12314 | Lair:2   | Received a gift from Okawaru
 12320 | Lair:2   | Got a scorched hand crossbow {god gift}
 13335 | Lair:3   | Found a staircase to the Shoals.
 14033 | Lair:4   | Received a gift from Okawaru
 14914 | Lair:5   | Reached XP level 14. HP: 99/119 MP: 26/26
 15714 | Orc:1    | Entered Level 1 of the Orcish Mines
 15762 | Orc:1    | Noticed Maurice
 15805 | Orc:1    | Killed Maurice
 15805 | Orc:1    | Reached skill level 10 in Fighting
 15805 | Orc:1    | Reached skill level 10 in Throwing
 15950 | Orc:1    | Found Ittiorchi's Magic Scroll Boutique.
 15957 | Orc:1    | Bought a scroll of acquirement for 624 gold pieces
 15957 | Orc:1    | Bought a scroll of blinking for 90 gold pieces
 15957 | Orc:1    | Bought a scroll of enchant armour for 90 gold pieces
 16179 | Orc:1    | Found a roughly hewn altar of Beogh.
 16200 | Orc:1    | Received a gift from Okawaru
 16440 | Orc:2    | Entered Level 2 of the Orcish Mines
 16440 | Orc:2    | Found Ciqigyups's Magic Scroll Shop.
 16440 | Orc:2    | Found a runed translucent gate.
 16440 | Orc:2    | Found a runed translucent gate.
 16440 | Orc:2    | Found a runed translucent gate.
 16531 | Orc:2    | Found a staircase to the Elven Halls.
 16572 | Orc:2    | Reached skill level 9 in Armour
 16720 | Orc:2    | Bought a scroll of brand weapon for 280 gold pieces
 16823 | Orc:2    | Received a gift from Okawaru
 16861 | Orc:2    | Reached skill level 10 in Invocations
 16933 | Orc:2    | Noticed FishyPogo's ghost (adept DrBe)
 16933 | Orc:2    | Noticed Thomus's ghost (journeyman DECj)
 17230 | Orc:2    | Found Siniob's Jewellery Boutique.
 17230 | Orc:2    | Found Fythiag's Armour Shoppe.
 17230 | Orc:2    | Found Esuprish's Magic Scroll Shoppe.
 17230 | Orc:2    | Found Xotehuyz's Armour Shop.
 17293 | Orc:2    | Got a pearl-encrusted ring mail {god gift}
 17321 | Orc:2    | Identified the +0 ring mail of the Jackalope {rN+ Dex+2}
                  | (Okawaru gifted it to you on level 2 of the Orcish Mines)
 17481 | Orc:2    | Got a twitching lead ring
 17483 | Orc:2    | Identified the ring "Hero's Friend" {*Drain rPois rF+ Dex+2
                  | SInv} (You acquired it on level 2 of the Orcish Mines)
 17655 | Lair:6   | Entered Level 6 of the Lair of Beasts
 17664 | Lair:6   | Received a gift from Okawaru
 17876 | Lair:6   | Found a staircase to the Slime Pits.
 18073 | Lair:6   | Reached XP level 15. HP: 122/128 MP: 28/28
 18257 | Lair:6   | Received a gift from Okawaru
 18359 | Lair:6   | Found a large runed translucent door.
 18380 | Lair:6   | Found a large runed translucent door.
 18443 | Lair:6   | Received a gift from Okawaru
 19564 | Lair:6   | Got a slimy helmet
 19575 | Lair:6   | Identified the +2 helmet of the Cast Vote {Str+5 Dex+4}
                  | (You acquired it on level 6 of the Lair of Beasts)
 19577 | Lair:6   | Got an ancient silver amulet
 19578 | Lair:6   | Identified the amulet of Contention {Spirit +Inv rF- rN+++
                  | MR-} (You acquired it on level 6 of the Lair of Beasts)
 19735 | Snake:1  | Entered Level 1 of the Snake Pit
 20043 | Snake:1  | Reached skill level 10 in Short Blades
 20043 | Snake:1  | Reached skill level 10 in Long Blades
 20043 | Snake:1  | Reached skill level 10 in Axes
 20043 | Snake:1  | Reached skill level 10 in Maces & Flails
 20043 | Snake:1  | Reached skill level 10 in Polearms
 20043 | Snake:1  | Reached skill level 10 in Slings
 20043 | Snake:1  | Reached skill level 10 in Bows
 20043 | Snake:1  | Reached skill level 10 in Crossbows
 20043 | Snake:1  | Reached skill level 10 in Armour
 20043 | Snake:1  | Reached skill level 10 in Stealth
 20043 | Snake:1  | Reached skill level 10 in Shields
 20043 | Snake:1  | Reached skill level 10 in Unarmed Combat
 20043 | Snake:1  | Reached skill level 10 in Spellcasting
 20043 | Snake:1  | Reached skill level 10 in Evocations
 20477 | Snake:1  | Found Nokhavuruu's Assorted Antiques.
 20915 | Snake:2  | Received a gift from Okawaru
 21088 | Snake:2  | Noticed a nagaraja
 21105 | Snake:2  | Received a gift from Okawaru
 21117 | Snake:2  | Killed a nagaraja
 21117 | Snake:2  | Reached XP level 16. HP: 117/137 MP: 30/30
 21203 | Snake:2  | Noticed a nagaraja
 21394 | Snake:2  | Killed a nagaraja
 21788 | Snake:2  | Noticed a nagaraja
 21804 | Snake:2  | Killed a nagaraja
 21804 | Snake:2  | Received a gift from Okawaru
 22113 | Snake:3  | Noticed Jorgrun
 22163 | Snake:3  | Killed Jorgrun
 22185 | Snake:3  | Noticed a nagaraja
 22597 | Snake:3  | Noticed Aizul
 22598 | Snake:3  | Noticed Vashnia
 22828 | Snake:3  | Received a gift from Okawaru
 23033 | Snake:3  | Killed Aizul
 23142 | Snake:3  | Killed a nagaraja
 23708 | Snake:3  | Killed Vashnia
 24138 | Snake:4  | Entered Level 4 of the Snake Pit
 24409 | Snake:4  | Reached skill level 11 in Armour
 24531 | Snake:4  | Reached XP level 17. HP: 108/146 MP: 32/32
 24563 | Snake:4  | Received a gift from Okawaru
 25001 | Snake:4  | Received a gift from Okawaru
 26542 | Snake:4  | Received a gift from Okawaru
 26894 | Snake:4  | Got a serpentine rune of Zot
 27140 | Lair:1   | Killed Prince Ribbit
 27150 | Lair:1   | Received a gift from Okawaru
 27294 | Lair:1   | Reached skill level 10 in Conjurations
 27294 | Lair:1   | Reached skill level 10 in Hexes
 27294 | Lair:1   | Reached skill level 10 in Charms
 27294 | Lair:1   | Reached skill level 10 in Summonings
 27294 | Lair:1   | Reached skill level 10 in Necromancy
 27294 | Lair:1   | Reached skill level 10 in Translocations
 27294 | Lair:1   | Reached skill level 10 in Transmutations
 27294 | Lair:1   | Reached skill level 10 in Fire Magic
 27294 | Lair:1   | Reached skill level 10 in Ice Magic
 27294 | Lair:1   | Reached skill level 10 in Air Magic
 27294 | Lair:1   | Reached skill level 10 in Earth Magic
 27294 | Lair:1   | Reached skill level 10 in Poison Magic
 28102 | D:12     | Found a frozen archway.
 28106 | D:12     | Reached XP level 18. HP: 155/155 MP: 33/33
 28144 | IceCv    | Entered an ice cave
 29197 | IceCv    | Identified the amulet "Rosithraro" {Spirit MR+ SInv} (You
                  | found it in an ice cave)
 30083 | D:13     | Found a flagged portal.
 30142 | Bailey   | Entered a bailey
 30186 | Bailey   | Found an iron altar of Okawaru.
 31185 | D:14     | Noticed Azrael
 31216 | D:14     | Killed Azrael
 31229 | D:14     | Noticed Roxanne
 31262 | D:14     | Noticed Frances
 31276 | D:14     | Reached skill level 12 in Armour
 31292 | D:14     | Killed Frances
 31787 | D:14     | Found a gate to the Vaults.
 31917 | D:14     | Found Oged's Food Shoppe.
 32190 | D:14     | Killed Roxanne
 32236 | D:15     | Entered Level 15 of the Dungeon
 32313 | D:15     | Received a gift from Okawaru
 32314 | D:15     | Found a staircase to the Depths.
 32649 | D:15     | Received a gift from Okawaru
 33038 | Depths:1 | Entered Level 1 of the Depths
 33086 | Depths:1 | Found a one-way gate to the infinite horrors of the Abyss.
 33306 | Depths:1 | Identified the amulet of the Kangaroo {RegenMP MR+}
 33779 | Depths:1 | Reached XP level 19. HP: 133/163 MP: 35/35
 33829 | Depths:1 | Identified the +4 dagger of Hemoosh {drain, rF+}
 34269 | Depths:1 | Received a gift from Okawaru
 34404 | Depths:1 | Paralysed by a vampire knight for 4 turns
 34437 | Depths:1 | Identified the Tome of the Ass
 34568 | Depths:1 | Found a one-way gate leading to the halls of Pandemonium.
 34613 | Depths:1 | Got a spiked scale mail
 34624 | Depths:1 | Identified the cursed +1 scale mail of Obyt {rF+} (You
                  | found it on level 1 of the Depths)
 34740 | Depths:1 | Found a gateway to Hell.
 36115 | Shoals:1 | Entered Level 1 of the Shoals
 36184 | Shoals:1 | Found a transporter.
 36193 | Shoals:1 | Found Uschihah's Assorted Antiques.
 36198 | Shoals:1 | Noticed Kirke
 36220 | Shoals:1 | Killed Kirke
 36385 | Shoals:1 | Found a transporter.
 36491 | Shoals:1 | Identified Sif Muna's Incunabulum of the Supportive Rocks
 36496 | Shoals:1 | Got a wavering turquoise ring
 36498 | Shoals:1 | Identified the ring "Annor" {MR+ Int+2 Slay+3} (You found
                  | it on level 1 of the Shoals)
 36508 | Shoals:1 | Got a sparkling granite ring
 36513 | Shoals:1 | Identified the ring "Ontyuqo" {Wiz Str+3 Dex+5} (You found
                  | it on level 1 of the Shoals)
 37244 | Shoals:2 | Reached XP level 20. HP: 172/172 MP: 36/36
 37359 | Shoals:2 | Reached skill level 13 in Armour
 37719 | Shoals:3 | Received a gift from Okawaru
 38137 | Shoals:3 | Received a gift from Okawaru
 38187 | Shoals:3 | Noticed Donald
 38208 | Shoals:3 | Killed Donald
 38348 | Shoals:4 | Entered Level 4 of the Shoals
 38454 | Shoals:4 | Identified Beoreroe's Guide on Supportive Snow
 38544 | Shoals:4 | Received a gift from Okawaru
 39322 | Shoals:4 | Got a barnacled rune of Zot
 39486 | Shoals:4 | Got a steaming cloak
 39497 | Shoals:4 | Identified the +1 cloak of Hihec {*Slow rElec MR++ Stlth+}
                  | (You acquired it on level 4 of the Shoals)
 39508 | Shoals:4 | Got a crude golden ring
 39510 | Shoals:4 | Identified the ring of Ynlyux {rN+ Int+3 Dex+2} (You found
                  | it on level 4 of the Shoals)
 40190 | Depths:2 | Identified the ring "Bytuoz" {rN+ rCorr Int+2}
 40440 | Depths:2 | Received a gift from Okawaru
 40938 | Depths:3 | Found a transporter.
 41136 | Depths:3 | Reached XP level 21. HP: 153/181 MP: 31/38
 41216 | Depths:3 | Paralysed by a vampire knight for 6 turns
 41633 | Depths:3 | Identified the ring of Pyninic {Str+4 Slay+2}
 41644 | Depths:3 | Found a transporter.
 41693 | Depths:3 | Reached skill level 14 in Armour
 41948 | Depths:4 | Noticed Mennas
 42077 | Vaults:1 | Entered Level 1 of the Vaults
 42423 | Vaults:1 | Found Aroixtil's Jewellery Shoppe.
 42451 | Vaults:1 | Received a gift from Okawaru
 43154 | Vaults:1 | Found an ancient bone altar of Kikubaaqudgha.
 43749 | Vaults:2 | Reached skill level 15 in Staves
 43749 | Vaults:2 | Reached skill level 15 in Dodging
 43825 | Vaults:2 | Received a gift from Okawaru
 43982 | Vaults:2 | Received a gift from Okawaru
 44137 | Vaults:2 | Reached skill level 15 in Invocations
 44203 | Vaults:2 | Identified the +0 cloak "Bibboewn" {Str+2 Int+3} (You found
                  | it on level 2 of the Vaults)
 44393 | Vaults:2 | Found a staircase to the Crypt.
 45122 | Vaults:1 | Bought the amulet "Laobef" {Spirit rF+ rC+ Stlth-} for 843
                  | gold pieces
 45909 | Vaults:3 | Reached XP level 22. HP: 190/190 MP: 36/40
 45946 | Vaults:3 | Reached skill level 15 in Armour
 46180 | Vaults:3 | Received a gift from Okawaru
 46318 | Vaults:3 | Received a gift from Okawaru
 47442 | Vaults:4 | Received a gift from Okawaru
 47693 | Vaults:4 | Reached skill level 15 in Fighting
 47693 | Vaults:4 | Reached skill level 15 in Throwing
 47931 | Vaults:4 | Found Cata's Jewellery Shoppe.
 48652 | Vaults:5 | Entered Level 5 of the Vaults
 49350 | Elf:1    | Entered Level 1 of the Elven Halls
 49654 | Elf:1    | Found Tazxasewn's Magic Scroll Boutique.
 49664 | Elf:1    | Bought a scroll of enchant armour for 120 gold pieces
 49664 | Elf:1    | Bought a scroll of teleportation for 48 gold pieces
 49844 | Elf:1    | Found Xotsigakk's Gadget Emporium.
 50132 | Elf:1    | Identified Kikubaaqudgha's Incunabulum of Dark Rituals
 50226 | Elf:2    | Found a runed translucent gate.
 50427 | Elf:2    | Reached XP level 23. HP: 199/199 MP: 41/41
 50478 | Elf:2    | Reached skill level 16 in Armour
 50481 | Elf:2    | Received a gift from Okawaru
 50727 | Elf:2    | Found a runed translucent gate.
 50728 | Elf:2    | Found a runed translucent gate.
 51146 | Elf:2    | Received a gift from Okawaru
 51320 | Elf:3    | Entered Level 3 of the Elven Halls
 51498 | Elf:3    | Found Tijy's Magic Scroll Shop.
 51502 | Elf:3    | Bought a scroll of teleportation for 57 gold pieces
 51502 | Elf:3    | Bought a scroll of teleportation for 57 gold pieces
 51519 | Elf:3    | Found Gefoicom's Gadget Shop.
 51721 | Elf:3    | Found Seiheth's Antique Weapon Shop.
 52298 | Elf:3    | Reached skill level 15 in Short Blades
 52298 | Elf:3    | Reached skill level 15 in Long Blades
 52298 | Elf:3    | Reached skill level 15 in Axes
 52298 | Elf:3    | Reached skill level 15 in Maces & Flails
 52298 | Elf:3    | Reached skill level 15 in Polearms
 52298 | Elf:3    | Reached skill level 15 in Slings
 52298 | Elf:3    | Reached skill level 15 in Bows
 52298 | Elf:3    | Reached skill level 15 in Crossbows
 52298 | Elf:3    | Reached skill level 15 in Stealth
 52298 | Elf:3    | Reached skill level 15 in Shields
 52298 | Elf:3    | Reached skill level 15 in Unarmed Combat
 52298 | Elf:3    | Reached skill level 15 in Spellcasting
 52298 | Elf:3    | Reached skill level 15 in Evocations
 52916 | Elf:3    | Identified the cursed +1 plate armour "Efufiuch" {rElec
                  | rPois rN+ Stlth+} (You found it on level 3 of the Elven
                  | Halls)
 52938 | Elf:3    | Got a translucent platinum ring
 52939 | Elf:3    | Identified the ring of Bifui {Dex+2 Slay+4} (You found it
                  | on level 3 of the Elven Halls)
 53658 | Vaults:4 | Received a gift from Okawaru
 53742 | Vaults:5 | Received a gift from Okawaru
 53817 | Vaults:5 | Reached skill level 15 in Fire Magic
 53830 | Vaults:5 | Reached XP level 24. HP: 209/209 MP: 41/42
 53875 | Vaults:5 | Received a gift from Okawaru
 53875 | Vaults:5 | Reached skill level 17 in Armour
 54161 | Vaults:5 | Identified the +5 arbalest "Langet" {venom, rPois Dex+2}
 54275 | Vaults:5 | Noticed Mara
 54310 | Vaults:5 | Noticed ReteAZ's illusion
 54337 | Vaults:5 | Noticed ReteAZ's illusion
 54445 | Vaults:5 | Noticed ReteAZ's illusion
 54446 | Vaults:5 | Killed Mara
 54641 | Vaults:5 | Received a gift from Okawaru
 54740 | Vaults:5 | Received a gift from Okawaru
 55146 | Vaults:5 | Received a gift from Okawaru
 55232 | Vaults:5 | Reached XP level 25. HP: 216/216 MP: 17/42
 55285 | Vaults:5 | Identified the +1 scale mail of Aholur {rN+ Regen+}
 55327 | Vaults:5 | Identified the +3 dire flail "Taixeph" {holy, rPois MR+}
                  | (Okawaru gifted it to you on level 5 of the Vaults)
 55392 | Vaults:5 | Got a silver rune of Zot
 55397 | Vaults:5 | Identified the Compendium of Enthralling Lightness
 55758 | Vaults:5 | Reached skill level 18 in Armour
 56182 | Depths:4 | Received a gift from Okawaru
 56276 | Depths:4 | Noticed Louise
 56283 | Depths:4 | Killed Louise
 56301 | Depths:4 | Found Jutauhib's Mayhem Merchandise.
 56416 | Depths:4 | Paralysed by a floating eye for 2 turns
 56433 | Depths:5 | Entered Level 5 of the Depths
 56660 | Depths:5 | Found Komall's Weapon Boutique.
 56669 | Depths:5 | Found Dionti's Armour Shop.
 56669 | Depths:5 | Found Qypeta's Antique Weapon Boutique.
 56703 | Depths:5 | Found Zuwaisch's Magic Scroll Shop.
 56711 | Depths:5 | Bought a scroll of enchant weapon for 142 gold pieces
 56711 | Depths:5 | Bought a scroll of teleportation for 57 gold pieces
 56711 | Depths:5 | Bought a scroll of teleportation for 57 gold pieces
 56711 | Depths:5 | Bought a scroll of blinking for 142 gold pieces
 56809 | Depths:5 | Noticed a juggernaut
 56830 | Depths:5 | Killed a juggernaut
 57125 | Depths:5 | Found Xakhla Rinto's Assorted Antiques.
 57146 | Depths:5 | Bought a scroll of magic mapping for 168 gold pieces
 57146 | Depths:5 | Bought a potion of heal wounds for 240 gold pieces
 57237 | Depths:5 | Found a gate to the Realm of Zot.
 57722 | Depths:4 | Killed Mennas
 57722 | Depths:4 | Received a gift from Okawaru
 58026 | Temple   | Fell from the grace of Okawaru
 58026 | Temple   | Became a worshipper of the Shining One
 58402 | Depths:5 | Bought a scorched cloak for 456 gold pieces
 58402 | Depths:5 | Identified the +1 cloak of a Gauntlet {Int+4 Dex+6} (You
                  | bought it in a shop on level 5 of the Depths)
 58730 | Crypt:1  | Entered Level 1 of the Crypt
 58985 | Crypt:1  | Reached * piety under the Shining One
 58998 | Crypt:1  | Noticed Sojobo
 59329 | Crypt:1  | Noticed a greater mummy
 59330 | Crypt:1  | Noticed Khufu
 59330 | Crypt:1  | Reached ** piety under the Shining One
 59365 | Crypt:1  | Killed a greater mummy
 59385 | Crypt:1  | Killed Khufu
 60165 | Crypt:1  | Killed Sojobo
 60885 | Slime:1  | Entered Level 1 of the Pits of Slime
 60958 | Slime:2  | Reached *** piety under the Shining One
 60964 | Slime:2  | Reached XP level 26. HP: 204/226 MP: 31/43
 61643 | Slime:4  | Reached skill level 19 in Armour
 61777 | Slime:4  | Lost mutation: You are robust. (+10% HP) [a shining eye]
 61793 | Slime:5  | Entered Level 5 of the Pits of Slime
 61806 | Slime:5  | Gained mutation: You are dopey. (Int -2) [a shining eye]
 61811 | Slime:5  | Gained mutation: You are very dopey. (Int -4) [a shining
                  | eye]
 62093 | Slime:5  | Gained mutation: You are weak. (Str -2) [a shining eye]
 62837 | Slime:1  | Reached **** piety under the Shining One
 63915 | Crypt:2  | Reached ***** piety under the Shining One
 64778 | Crypt:2  | Found a shimmering blue altar of Sif Muna.
 64778 | Crypt:2  | Identified the amulet "Enetaed" {RegenMP rF+}
 64800 | Crypt:2  | Reached ****** piety under the Shining One
 65657 | Slime:5  | Noticed the Royal Jelly
 66291 | Slime:5  | Found a viscous altar of Jiyva.
 67743 | Slime:4  | Was forgiven by Okawaru
 67751 | Slime:3  | Gained mutation: You are frail. (-10% HP) [a shining eye]
 69232 | Crypt:3  | Entered Level 3 of the Crypt
 69293 | Crypt:3  | Reached XP level 27. HP: 190/193 MP: 43/43
 69497 | Crypt:3  | Found a staircase to the Tomb.
 69497 | Crypt:3  | Noticed a greater mummy
 69517 | Crypt:3  | Killed a greater mummy
 69757 | Crypt:3  | Found an ancient bone altar of Kikubaaqudgha.
 69879 | Crypt:3  | Reached skill level 20 in Armour
 69983 | Crypt:3  | Got a coiled jade ring
 69983 | Crypt:3  | Got a fine tin ring
 69983 | Crypt:3  | Got a scorched marble ring
 69984 | Crypt:3  | Identified the ring of Faad {rPois rC+ rN+ MR+ Str-4} (You
                  | found it on level 3 of the Crypt)
 69985 | Crypt:3  | Identified the ring of the Hidden People {+Blink rN+ Str+3}
                  | (You found it on level 3 of the Crypt)
 69986 | Crypt:3  | Identified the ring "Guodaud" {rN+ Dex+3} (You found it on
                  | level 3 of the Crypt)
 70396 | Crypt:3  | Found the +8 longbow "Zephyr" {speed, Dex+3 SInv}
 70397 | Crypt:3  | Noticed an ancient lich
 70414 | Crypt:3  | Killed an ancient lich
 70438 | Crypt:3  | Identified the cursed +1 plate armour "Zuiplexkeh" {rF-
                  | rN++} (You found it on level 3 of the Crypt)
 71108 | Depths:4 | Noticed Margery
 71169 | Depths:4 | Killed Margery
 71219 | Depths:4 | Found a gateway to a ziggurat.
 71484 | Depths:4 | Reached skill level 15 in Conjurations
 71484 | Depths:4 | Reached skill level 15 in Hexes
 71484 | Depths:4 | Reached skill level 15 in Charms
 71484 | Depths:4 | Reached skill level 15 in Summonings
 71484 | Depths:4 | Reached skill level 15 in Necromancy
 71484 | Depths:4 | Reached skill level 15 in Translocations
 71484 | Depths:4 | Reached skill level 15 in Transmutations
 71484 | Depths:4 | Reached skill level 15 in Ice Magic
 71484 | Depths:4 | Reached skill level 15 in Air Magic
 71484 | Depths:4 | Reached skill level 15 in Earth Magic
 71484 | Depths:4 | Reached skill level 15 in Poison Magic
 71553 | Depths:4 | Paralysed by a floating eye for 2 turns
 71908 | Zot:1    | Entered Level 1 of the Realm of Zot
 72995 | Zot:1    | Identified the +5 bardiche of the Seven Curses {speed,
                  | Dex+3}
 73334 | Zot:1    | Found a runed translucent gate.
 73335 | Zot:1    | Found a runed translucent gate.
 73336 | Zot:1    | Found a runed translucent gate.
 73342 | Zot:1    | Noticed ShutUppercut's ghost (legendary DsGl)
 73581 | Depths:1 | Lost mutation: You are very dopey. (Int -4) [potion of
                  | mutation]
 73581 | Depths:1 | Lost mutation: You are frail. (-10% HP) [potion of
                  | mutation]
 73581 | Depths:1 | Gained mutation: You do not regenerate when monsters are
                  | visible. [potion of mutation]
 73581 | Depths:1 | Gained mutation: Your flesh is cold resistant. (rC+)
                  | [potion of mutation]
 73847 | Slime:5  | Killed the Royal Jelly
 74377 | Slime:5  | Got a crude crystal amulet
 74399 | Slime:5  | Got a slimy rune of Zot
 74430 | Slime:5  | Identified the amulet of Yredelemnul's Envy {Faith Int+6}
                  | (You found it on level 5 of the Pits of Slime)
 75161 | Zot:2    | Identified the +4 dragonskin cloak
 75161 | Zot:2    | Noticed Tiamat
 75217 | Zot:2    | HP: 7/217 [acid (8)]
 75944 | Snake:1  | Bought 2 potions of heal wounds for 290 gold pieces
 75944 | Snake:1  | Bought a scroll of fear for 101 gold pieces
 75944 | Snake:1  | Bought 2 scrolls of magic mapping for 203 gold pieces
 76126 | Elf:1    | Bought a scroll of fog for 32 gold pieces
 76151 | Elf:1    | Bought a wand of iceblast (8) for 156 gold pieces
 76270 | Elf:3    | Bought a scroll of fear for 66 gold pieces
 76270 | Elf:3    | Bought a scroll of fog for 38 gold pieces
 76270 | Elf:3    | Bought a scroll of summoning for 180 gold pieces
 76483 | D:14     | Bought a ration for 50 gold pieces
 76483 | D:14     | Bought a ration for 50 gold pieces
 76483 | D:14     | Bought a ration for 50 gold pieces
 76483 | D:14     | Bought a ration for 50 gold pieces
 76483 | D:14     | Bought a ration for 50 gold pieces
 76483 | D:14     | Bought a ration for 50 gold pieces
 76483 | D:14     | Bought a ration for 50 gold pieces
 76483 | D:14     | Bought a ration for 50 gold pieces
 76483 | D:14     | Bought a ration for 50 gold pieces
 76483 | D:14     | Bought a ration for 50 gold pieces
 77761 | Tomb:1   | Entered Level 1 of the Tomb of the Ancients
 77777 | Tomb:1   | Reached skill level 21 in Armour
 78197 | Tomb:1   | Noticed a greater mummy
 78708 | Tomb:1   | Noticed a greater mummy
 78722 | Tomb:1   | Killed a greater mummy
 78952 | Tomb:1   | Killed a greater mummy
 81112 | Zot:2    | Identified the cursed +0 large shield "Ozusm" {Regen+
                  | Int+4}
 81169 | Zot:2    | Killed Tiamat
 83363 | Zot:3    | Noticed an orb of fire
 83366 | Zot:3    | Gained mutation: Your spells are a little easier to cast,
                  | but a little less powerful. [an orb of fire]
 83371 | Zot:3    | Gained mutation: Your body sometimes deteriorates upon
                  | taking damage. [an orb of fire]
 83383 | Zot:3    | Gained mutation: You are very weak. (Str -4) [an orb of
                  | fire]
 83393 | Zot:3    | Killed an orb of fire
 83616 | Zot:3    | Identified the -1 large shield "Reudghesh" {rCorr}
 83667 | Zot:3    | Reached skill level 22 in Armour
 83862 | Zot:3    | You fall into a shaft and drop 1 floor!
 85840 | Depths:5 | Voluntarily entered the Abyss.
 86218 | Abyss:1  | Identified the Collected Works on Flying Combat Magic
 86325 | Depths:5 | Escaped the Abyss
 86499 | D:13     | Lost mutation: Your body sometimes deteriorates upon taking
                  | damage. [potion of mutation]
 86499 | D:13     | Lost mutation: You do not regenerate when monsters are
                  | visible. [potion of mutation]
 86499 | D:13     | Lost mutation: Your flesh is cold resistant. (rC+) [potion
                  | of mutation]
 86499 | D:13     | Lost mutation: You are very weak. (Str -4) [potion of
                  | mutation]
 86499 | D:13     | Gained mutation: You have sharp fingernails. [potion of
                  | mutation]
 86499 | D:13     | Gained mutation: You are frail. (-10% HP) [potion of
                  | mutation]
 86499 | D:13     | Gained mutation: You are partially covered in icy blue
                  | scales. (AC +2) [potion of mutation]
 86499 | D:13     | Gained mutation: You have a pair of small horns on your
                  | head. [potion of mutation]
 86620 | Orc:2    | Killed FishyPogo's ghost
 86627 | Orc:2    | Killed Thomus's ghost
 86640 | Orc:2    | Lost mutation: You are dopey. (Int -2) [potion of mutation]
 86640 | Orc:2    | Lost mutation: You are weak. (Str -2) [potion of mutation]
 86640 | Orc:2    | Gained mutation: Your body sometimes deteriorates upon
                  | taking damage. [potion of mutation]
 86640 | Orc:2    | Gained mutation: You have large cloven feet. [potion of
                  | mutation]
 86640 | Orc:2    | Gained mutation: You are somewhat resistant to further
                  | mutation. [potion of mutation]
 86640 | Orc:2    | Lost mutation: You are frail. (-10% HP) [potion of
                  | mutation]
 87000 | Zot:5    | Entered Level 5 of the Realm of Zot
 87001 | Zot:5    | Noticed an orb of fire
 87010 | Zot:5    | Gained mutation: You are frail. (-10% HP) [an orb of fire]
 87012 | Zot:5    | Noticed an orb of fire
 87015 | Zot:5    | Noticed an ancient lich
 87017 | Zot:5    | Killed an orb of fire
 87033 | Zot:5    | Killed an ancient lich
 87057 | Zot:5    | Noticed an orb of fire
 87078 | Zot:5    | HP: 2/199 [orb of fire/fireball (15)]
 87257 | Zot:5    | Noticed an orb of fire
 87261 | Zot:5    | Noticed an orb of fire
 87264 | Zot:5    | Noticed an orb of fire
 87285 | Zot:5    | Killed an orb of fire
 87297 | Zot:5    | Gained mutation: You are clumsy. (Dex -2) [an orb of fire]
 87303 | Zot:5    | Noticed an orb of fire
 87304 | Zot:5    | HP: 1/199 [green draconian stormcaller/divine providence
                  | (11)]
 87317 | Zot:5    | Gained mutation: Your body often deteriorates upon taking
                  | damage. [an orb of fire]
 87334 | Zot:5    | Killed an orb of fire
 87343 | Zot:5    | HP: 7/199 [green draconian stormcaller/divine providence
                  | (12)]
 87345 | Zot:5    | Killed from afar by a green draconian stormcaller

Levels and vault maps discovered:
D:1:      minmay_arrival_doors, layout_basic
D:2:      layout_loops_ring, lemuel_doored_altar,
          hangedman_abyss_or_decor_lesser_grid, st_stairs_10, uniq_terence,
          uniq_robin
D:3:      layout_basic
D:4:      minmay_recursive_quarters, layout_gridville, first_ration,
          bloody_makhleb
D:5:      layout_loops_corners, moated_statue
D:6:      layout_rooms, minmay_temple_entry_overgrown, portal_sewer_entry_a,
          minmay_circle_x
D:7:      layout_rooms, uniq_menkaure
D:8:      lemuel_upstairs_altar, layout_rooms, grunt_qazlal_sundering,
          nicolae_overflow_hidden_temple, overflow_temple_1_default,
          chequers_temple_overflow_statue_of_worship,
          hangedman_little_slice_of_home
D:9:      layout_rooms, nicolae_xom_altar_mimics, minivault_8
D:10:     layout_loops_cross, uniq_josephine, uniq_urug
D:11:     layout_roguey, lair_entry_dummy, hiddenorc2_lemuel, uniq_erolcha
D:12:     layout_stronghold, serial_ice, serial_ice_c, serial_ice_e,
          serial_ice_d, serial_ice_n, serial_ice_m, serial_ice_i, serial_ice_b,
          serial_ice_o, portal_ice_cave_entry_imps, minmay_misc_feat_columns
D:13:     layout_rooms, enter_bailey_2
D:14:     layout_cave_pools, david_vaults_4, serial_bayou_pond_b, serial_shops,
          kennysheep_little_box, serial_park_tiny_pond, uniq_roxanne,
          uniq_azrael, uniq_frances
D:15:     grunt_enter_depths_magical_seal, layout_rooms, corexii_corridor_pit
Temple:   regret_index_temple_generic_petals
Lair:1:   layout_cave_pods, serial_bayou_shore_b, uniq_prince_ribbit2
Lair:2:   regret_index_wax_grids, layout_gridlike,
          minmay_snake_entry_six_corridors, nicolae_volcano_entry_two_sided,
          uniq_nergalle, uniq_gastronok, uniq_sonja
Lair:3:   layout_roguey, minmay_shoals_entry_centaurs, st_stairs_3
Lair:4:   layout_loops_ring
Lair:5:   layout_loops_ring, lookout_lair_type
Lair:6:   cheibrodos_lair_end_hotspot, layout_gridlike, slime_dummy,
          chequers_serial_rivers_small_3, nicolae_lair_yak_garden
Shoals:1: gammafunk_its_a_trap, layout_shoals, serial_shops, shop,
          nicolae_shoals_cliffside_cave, kb_tengu_band, uniq_kirke
Shoals:2: layout_shoals, serial_shops, shop
Shoals:3: layout_shoals, uniq_donald
Shoals:4: shoals_end_grunt_ice, layout_shoals
Snake:1:  layout_grid_shapes, serial_shops, nicolae_shop_statue_plus,
          grunt_ministairs_2
Snake:2:  layout_basic, guppyfry_library_mini, grunt_megastairs_4
Snake:3:  layout_cave_town, uniq_jorgrun, uniq_aizul, uniq_vashnia
Snake:4:  grunt_snake_rune_pools, layout_grid_maze, library_closet,
          serial_bayou_shore_a, serial_bayou_shore_b
Slime:1:  layout_caves
Slime:2:  layout_caves
Slime:3:  layout_caves, nicolae_slime_phagocytosis
Slime:4:  layout_caves, cheibrodos_slime_lost_civilization_6
Slime:5
Orc:1:    layout_caves, serial_shops, shop, statue_in_the_mist_lemuel,
          kennysheep_orc_chapel, uniq_maurice
Orc:2:    st_orc_ogre_mass, layout_caves, gammafunk_ghost_cemetery,
          serial_shops, shop
Elf:1:    eino_elf_arrival_shootout, layout_loops_cross, serial_shops, shop,
          shop_coins, minmay_elf_necromancy
Elf:2:    layout_loops_corners, serial_sigils_hangedman_stare
Elf:3:    minmay_elf_hall_dome, layout_geoelf_castle, serial_shops, shop, shop,
          nicolae_shop_stone
Vaults:1: grunt_vaults_bifocal, vaults_room_corners, ontoclasm_vaults_spin,
          nicolae_vaults_little_squares_1, vaults_room_fancy_cross, v_pattern_1,
          vaults_room_grunt_arrival_ludios, hangedman_vaults_snaps,
          ontoclasm_vaults_eye, layout_vaults_quadrants, basic_altar,
          serial_shops, nicolae_shop_stone
Vaults:2: hangedman_vaults_locks, nicolae_vaults_yaktaur_gun_rack,
          ontoclasm_vaults_tryst, vaults_dpeg_encased_lava,
          nicolae_vaults_little_squares_3, nicolae_vaults_little_squares_3,
          blue_anna_dwarven_crypt, ontoclasm_vaults_chip,
          layout_vaults_chaotic_city
Vaults:3: ontoclasm_vaults_ring_small, v_alt_pattern_1, v_misc_29,
          nicolae_vaults_little_squares_3, nicolae_vaults_three_branches,
          v_pattern_5, v_misc_11, serial_ice_g, vaults_room_door_ring,
          nicolae_vaults_circle_grid_a, vaults_standard_mumra_lines,
          layout_vaults_omnicross
Vaults:4: grunt_vaults_hallway_short, nicolae_vaults_network_square,
          vaults_room_fours, v_alt_pattern_3, nicolae_vaults_network_quincunx
          [nicolae_vaults_network_quincunx_subvault,
          nicolae_vaults_network_quincunx_subvault,
          nicolae_vaults_network_quincunx_subvault,
          nicolae_vaults_network_quincunx_subvault,
          nicolae_vaults_network_quincunx_subvault],
          nicolae_vaults_network_barrier, grunt_vaults_swirl,
          hangedman_vaults_nails, vaults_room_ringed_pool,
          ontoclasm_vaults_twist, grunt_vaults_hallway_long, layout_vaults_maze,
          serial_shops, shop
Vaults:5: serial_shops, uniq_mara
Crypt:1:  layout_misc_corridors, mu_enter_wizlab_7, grunt_megastairs_1,
          uniq_sojobo, uniq_khufu
Crypt:2:  layout_gridlike, minivault_11, hangedman_summoners_spam
Crypt:3:  evilmike_haunted_forest
Tomb:1
Depths:1: minmay_the_grid_square_5x5_3x3 [minmay_the_grid_square_5x5_c,
          minmay_the_grid_square_5x5_sharp_hourglass,
          minmay_the_grid_square_5x5_intrusive_squares,
          minmay_the_grid_square_5x5_plus,
          minmay_the_grid_square_5x5_megaprize_checkered,
          minmay_the_grid_square_5x5_comb, minmay_the_grid_square_5x5_eight,
          minmay_the_grid_square_5x5_bridge,
          minmay_the_grid_square_5x5_shrine2], layout_gridlike,
          grunt_mini_vestibule, rand_demon_pan_entry_7, abyss_entry,
          nrook_kobold_shadow_demons
Depths:2: evilmike_pillar_path, layout_gridlike, hell_entry, abyss_entry,
          pan_entry
Depths:3: gammafunk_sealed_arena, layout_cave_pools, pan_entry, abyss_entry,
          hell_entry, minmay_staircase_statues
Depths:4: minmay_octo_star, layout_cave_shapes, enter_ziggurat_c,
          hangedman_coc_ice_floe, chequers_serial_rivers_micro_b,
          nicolae_abyss_entry_one_way_or_another, minmay_shop_mayhem,
          serial_sigils_hangedman_quiver, drop_trap, lightli_fourway_metalbox,
          uniq_mennas, uniq_margery
Depths:5: grunt_zot_entry_tricorne, layout_basic, hell_entry, serial_shops,
          shop, abyss_entry, minmay_misc_feat_rows, minmay_shoptagon
Zot:1:    layout_gridlike, gammafunk_ghost_tricky_traps, st_large_dragon_hoard_4
Zot:2:    layout_concentric_octagons, skrybe_zot_glass_1, uniq_tiamat
Zot:3:    layout_onion, grunt_ministairs_9
Zot:4:    layout_gridlike
Zot:5:    layout_gridville, gammafunk_ghost_crypt

Skill      XL: |  1  2  3  4  5  6  7  8  9 10 11 12 13 14 15 16 17 18 19 20 21 22 23 24 25 26 27 |
---------------+----------------------------------------------------------------------------------+-----
Invocations    | 1 2 3 4 5 6 7 8 9 10 11 12 13 14 15 16 17 18 20 | 20.4
Short Blades   | 1 2 3 4 5 6 7 8 9 10 11 12 13 14 15 16 19 | 19.0
Long Blades    | 1 2 3 4 5 6 7 8 9 10 11 12 13 14 15 16 19 | 19.0
Axes           | 1 2 3 4 5 6 7 8 9 10 11 12 13 14 15 16 19 | 19.0
Maces & Flails | 1 2 3 4 5 6 7 8 9 10 11 12 13 14 15 16 19 | 19.0
Polearms       | 1 2 3 4 5 6 7 8 9 10 11 12 13 14 15 16 19 | 19.0
Slings         | 1 2 3 4 5 6 7 8 9 10 11 12 13 14 15 16 19 | 19.0
Bows           | 1 2 3 4 5 6 7 8 9 10 11 12 13 14 15 16 19 | 19.0
Crossbows      | 1 2 3 4 5 6 7 8 9 10 11 12 13 14 15 16 19 | 19.0
Armour         | 1 2 3 4 5 6 7 8 9 10 11 12 13 14 15 16 17 18 19 22 | 22.8
Stealth        | 1 2 3 4 5 6 7 8 9 10 11 12 13 14 15 16 19 | 19.0
Shields        | 1 2 3 4 5 6 7 8 9 10 11 12 13 14 15 16 19 | 19.0
Unarmed Combat | 1 2 3 4 5 6 7 8 9 10 11 12 13 14 15 16 19 | 19.0
Spellcasting   | 1 2 3 4 5 6 7 8 9 10 11 12 13 14 15 16 19 | 19.0
Evocations     | 1 2 3 4 5 6 7 8 9 10 11 12 13 14 15 16 19 | 19.0
Conjurations   | 1 2 3 4 5 6 7 8 9 10 11 12 13 14 16 | 16.4
Hexes          | 1 2 3 4 5 6 7 8 9 10 11 12 13 14 16 | 16.4
Charms         | 1 2 3 4 5 6 7 8 9 10 11 12 13 14 16 | 16.4
Summonings     | 1 2 3 4 5 6 7 8 9 10 11 12 13 14 16 | 16.4
Necromancy     | 1 2 3 4 5 6 7 8 9 10 11 12 13 14 16 | 16.4
Translocations | 1 2 3 4 5 6 7 8 9 10 11 12 13 14 16 | 16.4
Transmutations | 1 2 3 4 5 6 7 8 9 10 11 12 13 14 16 | 16.4
Fire Magic     | 1 2 3 4 5 6 7 8 9 10 11 12 13 14 15 16 17 20 | 20.1
Ice Magic      | 1 2 3 4 5 6 7 8 9 10 11 12 13 14 16 | 16.4
Air Magic      | 1 2 3 4 5 6 7 8 9 10 11 12 13 14 16 | 16.4
Earth Magic    | 1 2 3 4 5 6 7 8 9 10 11 12 13 14 16 | 16.4
Poison Magic   | 1 2 3 4 5 6 7 8 9 10 11 12 13 14 16 | 16.4
Fighting       | 5 6 7 8 9 10 11 12 13 14 15 16 17 19 | 19.4
Throwing       | 5 6 7 8 9 10 11 12 13 14 15 16 17 19 | 19.4
Staves         | 7 8 9 10 11 12 13 14 15 16 17 19 | 19.7
Dodging        | 7 8 9 10 11 12 13 14 15 16 17 19 | 19.7

Action                   |  1- 3 |  4- 6 |  7- 9 | 10-12 | 13-15 | 16-18 | 19-21 | 22-24 | 25-27 || total
-------------------------+-------+-------+-------+-------+-------+-------+-------+-------+-------++-------
Melee: Quarterstaff      |    60 |       |       |       |       |       |       |       |       ||    60
       Bite              |    12 |    37 |    60 |   113 |   230 |   414 |   520 |   600 |  1298 ||  3284
       Dagger            |    88 |   142 |       |       |       |       |       |       |       ||   230
       Punch             |       |     3 |     4 |    16 |     7 |       |       |       |       ||    30
       Rapier            |       |   133 |    37 |       |       |       |       |       |       ||   170
       Spear             |       |       |   387 |   346 |       |       |       |       |       ||   733
       Eveningstar       |       |       |       |   381 |  1263 |  1730 |   203 |       |       ||  3577
       Battleaxe         |       |       |       |    24 |       |       |       |       |       ||    24
       Scimitar          |       |       |       |       |       |   187 |       |       |       ||   187
       Demon blade       |       |       |       |       |       |       |  2089 |  2310 |   536 ||  4935
       Eudemon blade     |       |       |       |       |       |       |       |       |  4358 ||  4358
       Headbutt          |       |       |       |       |       |       |       |       |    58 ||    58
Throw: Dart              |       |    10 |     1 |       |     4 |       |     1 |       |     6 ||    22
       Javelin           |       |       |       |    26 |    13 |    26 |     4 |       |       ||    69
       Throwing net      |       |       |       |     1 |       |     3 |     6 |       |     3 ||    13
Invok: Heroism           |       |       |     1 |     9 |    15 |    20 |    15 |    12 |     5 ||    77
       Finesse           |       |       |       |     4 |     6 |     7 |     7 |     5 |     3 ||    32
       Divine Shield     |       |       |       |       |       |       |       |       |    34 ||    34
       Summon Divine War |       |       |       |       |       |       |       |       |    24 ||    24
       Cleansing Flame   |       |       |       |       |       |       |       |       |    13 ||    13
Evoke: Wand              |       |       |     3 |     2 |    17 |    12 |       |       |       ||    34
  Use: Potion            |       |     2 |     3 |     5 |     1 |     9 |       |     1 |    41 ||    62
       Scroll            |       |     8 |     7 |    10 |    10 |    16 |     9 |     6 |    57 ||   123
 Stab: Sleeping          |     1 |     2 |     1 |       |       |     3 |    12 |    18 |     3 ||    40
       Invisible         |       |       |     2 |     4 |       |     1 |       |       |       ||     7
       Held in net/web   |       |       |       |     1 |       |     1 |     1 |       |       ||     3
       Petrified         |       |       |       |       |     3 |       |     1 |       |       ||     4
       Petrifying        |       |       |       |       |     3 |       |       |       |       ||     3
       Paralysed         |       |       |       |       |     1 |       |       |       |       ||     1
       Confused          |       |       |       |       |       |       |     3 |       |       ||     3
       Distracted        |       |       |       |       |       |       |     1 |     2 |       ||     3
  Eat: Chunk             |    17 |    10 |    11 |    15 |    29 |    23 |    35 |    26 |    36 ||   202
       Ration            |       |       |     1 |       |     1 |     6 |     2 |     2 |    24 ||    36
Armor: Leather armour    |    47 |    65 |     1 |       |       |       |       |       |       ||   113
       Plate armour      |       |       |   245 |   512 |   599 |   433 |   306 |   428 |  1418 ||  3941
       Fire dragon scale |       |       |       |    23 |     4 |       |    75 |       |       ||   102
       Ring mail         |       |       |       |     6 |       |       |       |       |       ||     6
Dodge: Dodged            |   157 |   193 |   187 |   465 |   564 |   872 |   630 |   579 |  1683 ||  5330
       Deflected         |       |       |       |       |       |    33 |    37 |     6 |     2 ||    78
Block: Shield            |       |       |       |       |   637 |  1396 |   487 |       |       ||  2520
       Buckler           |       |       |       |       |    11 |       |       |       |       ||    11
       Reflection        |       |       |       |       |       |     2 |   113 |       |     4 ||   119
       Large shield      |       |       |       |       |       |       |  1602 |  1846 |  5548 ||  8996
       Rpst.: Scimitar   |       |       |       |       |       |    14 |       |       |       ||    14
       Demon blade       |       |       |       |       |       |       |   112 |   115 |    35 ||   262
       Eudemon blade     |       |       |       |       |       |       |       |       |   239 ||   239
